TOP OF THE 1ST |
Baltimore Orioles batting - Pitching for Oakland Athletics : RHP Doug Bird
|
Pitching: RHP Doug Bird
|
|
Batting: SHB Willie McGee
|
0-0: SINGLE (Groundball, 4M, EV 104.4 MPH) (infield hit)
|
Batting: SHB Johnny Ray
|
0-0: Called Strike 0-1: SINGLE (Groundball, 4D, EV 110.0 MPH) Willie McGee to second Runner from 2nd tries for 3rd, SAFE, throw by CF made to third
|
Batting: LHB Dave Parker
|
0-0: Ball 1-0: Foul Ball, location: 2F 1-1: Ball 2-1: Foul Ball, location: 2F 2-2: Hit by Pitch Johnny Ray to second
|
Batting: RHB Dwight Evans
|
0-0: Ball 1-0: Called Strike 1-1: Foul Ball, location: 2F 1-2: Fielders Choice at 2nd, 5-4 (Groundball, 56, EV 86.9 MPH) Willie McGee scores Johnny Ray to third
|
Batting: LHB Fred Lynn
|
0-0: Ball 1-0: Swinging Strike 1-1: Called Strike 1-2: Ball 2-2: SINGLE (Groundball, 6MD, EV 100.6 MPH) Johnny Ray scores Dwight Evans to second Runner from 2nd tries for 3rd, SAFE, throw by CF made to third
|
Batting: SHB Steve R Ontiveros
|
0-0: Called Strike 0-1: Ball 1-1: Foul Ball, location: 2F 1-2: Foul Ball, location: 2F 1-2: Ball 2-2: Foul Ball, location: 2F 2-2: Foul Ball, location: 2F 2-2: Strikes out swinging
|
Batting: RHB Matt Rice
|
0-0: Ball 1-0: Called Strike 1-1: Swinging Strike 1-2: Ground out 4-3 (Groundball, 4, EV 100.0 MPH)
|
Top of the 1st over - 2 runs, 3 hits, 0 errors, 2 left on base; Baltimore 2 - Oakland 0 |
BOTTOM OF THE 1ST |
Oakland Athletics batting - Pitching for Baltimore Orioles : RHP John Montague
|
Pitching: RHP John Montague
|
|
Batting: RHB Scott Fletcher
|
0-0: Called Strike 0-1: Hit by Pitch
|
Batting: LHB Ruppert Jones
|
0-0: Swinging Strike 0-1: Called Strike 0-2: Strikes out looking
|
Batting: RHB Dave Henderson
|
0-0: Ball 1-0: Ball Scott Fletcher steals 2nd base 2-0: Called Strike Scott Fletcher steals 3rd base 2-1: Fly out, F8 (Flyball, 8LD, EV 99.4 MPH) Runner from 3rd tags up, SCORES, no throw by CF
|
Batting: LHB Reggie Jackson
|
0-0: Ball 1-0: Ball 2-0: Ball 3-0: Called Strike 3-1: Swinging Strike 3-2: Ground out 1-3 (Groundball, 13, EV 69.4 MPH)
|
Bottom of the 1st over - 1 run, 0 hits, 0 errors, 0 left on base; Baltimore 2 - Oakland 1 |
TOP OF THE 2ND |
Baltimore Orioles batting - Pitching for Oakland Athletics : RHP Doug Bird
|
Batting: RHB Jim Sundberg
|
0-0: Ball 1-0: Ball 2-0: Called Strike 2-1: Swinging Strike 2-2: Strikes out looking
|
Batting: RHB Garth Iorg
|
0-0: Ball 1-0: Foul Ball, location: 2F 1-1: Ball 2-1: Ball 3-1: Base on Balls
|
Batting: SHB Willie McGee
|
0-0: Ball 1-0: Foul Ball, location: 2F 1-1: Ball 2-1: SINGLE (Line Drive, 56D, EV 101.3 MPH) Garth Iorg to second
|
Batting: SHB Johnny Ray
|
0-0: Called Strike 0-1: Swinging Strike 0-2: Foul Ball, location: 2F 0-2: Ball 1-2: Ball 2-2: Fly out, F5 (Popup, 5SF, EV 80.0 MPH)
|
Batting: LHB Dave Parker
|
0-0: 3-RUN HOME RUN (Line Drive, 9LD, EV 110.6 MPH), Distance : 359 ft
|
Batting: RHB Dwight Evans
|
0-0: Ball 1-0: Called Strike 1-1: Fly out, F8 (Flyball, 8LM, EV 96.9 MPH)
|
Top of the 2nd over - 3 runs, 2 hits, 0 errors, 0 left on base; Baltimore 5 - Oakland 1 |
BOTTOM OF THE 2ND |
Oakland Athletics batting - Pitching for Baltimore Orioles : RHP John Montague
|
Batting: RHB George Hendrick
|
0-0: Called Strike 0-1: Swinging Strike 0-2: Ball 1-2: SINGLE (Groundball, 6MD, EV 105.0 MPH)
|
Batting: RHB Earl C Williams
|
0-0: Foul Ball, location: 2F 0-1: 2-RUN HOME RUN (Flyball, 7LD, EV 105.6 MPH), Distance : 378 ft
|
Batting: LHB Ben Oglivie
|
0-0: Called Strike 0-1: Ground out U3 (Groundball, 23, EV 88.1 MPH)
|
Batting: RHB Barry Evans
|
0-0: Ball 1-0: Ball 2-0: Ball 3-0: Called Strike 3-1: Called Strike 3-2: Base on Balls
|
Batting: RHB Fred Andrews
|
0-0: Ball Barry Evans steals 2nd base 1-0: Foul Ball, location: 2F 1-1: Ball 2-1: Swinging Strike 2-2: Strikes out swinging
|
Batting: RHB Scott Fletcher
|
0-0: Swinging Strike 0-1: Ball 1-1: Ball 2-1: Ball 3-1: Base on Balls
|
Batting: LHB Ruppert Jones
|
0-0: Called Strike 0-1: Ball 1-1: Foul Ball, location: 2F 1-2: SINGLE (Line Drive, 34D, EV 106.3 MPH) Barry Evans to third Scott Fletcher to second Runner from 3rd tries for Home, SAFE, throw by RF to home
|
Batting: RHB Dave Henderson
|
0-0: Ball 1-0: Called Strike 1-1: Ball 2-1: Foul Ball, location: 2F 2-2: Strikes out looking
|
Bottom of the 2nd over - 3 runs, 3 hits, 0 errors, 2 left on base; Baltimore 5 - Oakland 4 |
TOP OF THE 3RD |
Baltimore Orioles batting - Pitching for Oakland Athletics : RHP Doug Bird
|
Batting: LHB Fred Lynn
|
0-0: Fly out, F8 (Flyball, 8RXD, EV 101.9 MPH)
|
Batting: SHB Steve R Ontiveros
|
0-0: Ball 1-0: Foul Ball, location: 2F 1-1: Foul Ball, location: 2F 1-2: Ball 2-2: Hit by Pitch
|
Batting: RHB Matt Rice
|
0-0: Ground out 6-3 (Groundball, 56D, EV 109.4 MPH) Steve R Ontiveros to second
|
Batting: RHB Jim Sundberg
|
0-0: Ball 1-0: Ground out 6-3 (Groundball, 56, EV 90.0 MPH)
|
Top of the 3rd over - 0 runs, 0 hits, 0 errors, 1 left on base; Baltimore 5 - Oakland 4 |
BOTTOM OF THE 3RD |
Oakland Athletics batting - Pitching for Baltimore Orioles : RHP John Montague
|
Batting: LHB Reggie Jackson
|
0-0: Foul Ball, location: 2F 0-1: Ball 1-1: Fly out, F5 (Popup, 56S, EV 72.5 MPH)
|
Batting: RHB George Hendrick
|
0-0: Ground out 5-3 (Groundball, 5S, EV 91.3 MPH)
|
Batting: RHB Earl C Williams
|
0-0: Fly out, F8 (Line Drive, 8RD, EV 109.4 MPH)
|
Bottom of the 3rd over - 0 runs, 0 hits, 0 errors, 0 left on base; Baltimore 5 - Oakland 4 |
TOP OF THE 4TH |
Baltimore Orioles batting - Pitching for Oakland Athletics : RHP Doug Bird
|
Batting: RHB Garth Iorg
|
0-0: Ball 1-0: Ground out 6-3 (Groundball, 6, EV 85.0 MPH)
|
Batting: SHB Willie McGee
|
0-0: Ground out 5-3 (Groundball, 56, EV 87.5 MPH)
|
Batting: SHB Johnny Ray
|
0-0: Called Strike 0-1: Foul Ball, location: 2F 0-2: Foul Ball, location: 2F 0-2: Ball 1-2: DOUBLE (Line Drive, 78D, EV 100.6 MPH)
|
Batting: LHB Dave Parker
|
0-0: Ball 1-0: DOUBLE (Flyball, 78D, EV 104.4 MPH) Johnny Ray scores
|
Pitching: RHP Neil Allen
|
|
Batting: RHB Dwight Evans
|
0-0: Ball 1-0: Ball 2-0: Ball 3-0: Called Strike 3-1: Foul Ball, location: 2F 3-2: Ground out 6-3 (Groundball, 6, EV 94.4 MPH)
|
Top of the 4th over - 1 run, 2 hits, 0 errors, 1 left on base; Baltimore 6 - Oakland 4 |
BOTTOM OF THE 4TH |
Oakland Athletics batting - Pitching for Baltimore Orioles : RHP John Montague
|
Batting: LHB Ben Oglivie
|
0-0: Fly out, F9 (Flyball, 9LS, EV 87.5 MPH)
|
Batting: RHB Barry Evans
|
0-0: Foul Ball, location: 2F 0-1: Ball 1-1: Foul Ball, location: 2F 1-2: Fly out, F3 (Popup, 3SF, EV 82.5 MPH)
|
Batting: RHB Fred Andrews
|
0-0: Ball 1-0: Ball 2-0: Ball 3-0: Called Strike 3-1: Base on Balls
|
Batting: RHB Scott Fletcher
|
0-0: Swinging Strike 0-1: Ball 1-1: DOUBLE (Line Drive, 78D, EV 113.1 MPH) Fred Andrews to third Runner from 3rd tries for Home, SAFE, no throw by LF
|
Batting: LHB Ruppert Jones
|
0-0: Ball 1-0: 2-RUN HOME RUN (Flyball, 7D, EV 100.0 MPH), Distance : 382 ft
|
Pitching: RHP Jim M Hughes
|
|
Batting: RHB Dave Henderson
|
0-0: Ball 1-0: Foul Ball, location: 2F 1-1: Swinging Strike 1-2: Ball 2-2: Strikes out looking
|
Bottom of the 4th over - 3 runs, 2 hits, 0 errors, 0 left on base; Baltimore 6 - Oakland 7 |
TOP OF THE 5TH |
Baltimore Orioles batting - Pitching for Oakland Athletics : RHP Neil Allen
|
Batting: LHB Fred Lynn
|
0-0: Ball 1-0: Foul Ball, location: 2F 1-1: Fly out, F5 (Popup, 25F, EV 83.1 MPH)
|
Batting: SHB Steve R Ontiveros
|
0-0: Called Strike 0-1: Called Strike 0-2: Ball 1-2: Strikes out looking
|
Batting: RHB Matt Rice
|
0-0: Ball 1-0: Foul Ball, location: 2F 1-1: Ball 2-1: Foul Ball, location: 2F 2-2: Fly out, F3 (Popup, 3F, EV 65.0 MPH)
|
Top of the 5th over - 0 runs, 0 hits, 0 errors, 0 left on base; Baltimore 6 - Oakland 7 |
BOTTOM OF THE 5TH |
Oakland Athletics batting - Pitching for Baltimore Orioles : RHP Jim M Hughes
|
Batting: LHB Reggie Jackson
|
0-0: Called Strike 0-1: Ball 1-1: Ball 2-1: Ball 3-1: Called Strike 3-2: Strikes out swinging
|
Batting: RHB George Hendrick
|
0-0: Called Strike 0-1: DOUBLE (Flyball, 89XD, EV 95.0 MPH)
|
Batting: RHB Earl C Williams
|
0-0: Ball 1-0: Ground out 5-3 (Groundball, 56S, EV 68.8 MPH) George Hendrick to third
|
Batting: LHB Ben Oglivie
|
0-0: Called Strike 0-1: Foul Ball, location: 2F 0-2: Ball 1-2: SINGLE (Groundball, 56D, EV 98.1 MPH) George Hendrick scores
|
Batting: RHB Barry Evans
|
0-0: Ball 1-0: Ball 2-0: Ball 3-0: Called Strike 3-1: Reached on error, E9 (Line Drive, 9, EV 97.5 MPH) Ben Oglivie to third
|
Batting: RHB Fred Andrews
|
0-0: Foul Ball, location: 2F 0-1: Called Strike 0-2: Foul Ball, location: 2F 0-2: SINGLE (Groundball, 15S, EV 69.4 MPH) (infield hit) Ben Oglivie scores Barry Evans to third
|
Batting: RHB Scott Fletcher
|
0-0: Ball 1-0: Called Strike 1-1: Fly out, F1 (Line Drive, P, EV 65.6 MPH)
|
Bottom of the 5th over - 2 runs, 3 hits, 1 error, 2 left on base; Baltimore 6 - Oakland 9 |
TOP OF THE 6TH |
Baltimore Orioles batting - Pitching for Oakland Athletics : RHP Neil Allen
|
Batting: RHB Jim Sundberg
|
0-0: Ball 1-0: Called Strike 1-1: Ball 2-1: Foul Ball, location: 2F 2-2: Foul Ball, location: 2F 2-2: Strikes out swinging
|
Batting: RHB Garth Iorg
|
0-0: Ball 1-0: Called Strike 1-1: Swinging Strike 1-2: Ball 2-2: Ball 3-2: Foul Ball, location: 2F 3-2: Strikes out swinging
|
Batting: SHB Willie McGee
|
0-0: Ball 1-0: DOUBLE (Line Drive, 78XD, EV 106.9 MPH)
|
Batting: SHB Johnny Ray
|
0-0: Ball 1-0: Ball 2-0: Ball 3-0: Called Strike 3-1: Base on Balls
|
Batting: LHB Dave Parker
|
0-0: Ground out U3 (Groundball, 34, EV 103.8 MPH)
|
Top of the 6th over - 0 runs, 1 hit, 0 errors, 2 left on base; Baltimore 6 - Oakland 9 |
BOTTOM OF THE 6TH |
Oakland Athletics batting - Pitching for Baltimore Orioles : RHP Jim M Hughes
|
Batting: LHB Ruppert Jones
|
0-0: Foul Ball, location: 2F 0-1: SINGLE (Flyball, 34D, EV 85.0 MPH)
|
Batting: RHB Dave Henderson
|
0-0: Called Strike 0-1: Ball 1-1: Ball 2-1: Ball 3-1: Called Strike 3-2: Strikes out looking
|
Batting: LHB Reggie Jackson
|
0-0: Called Strike 0-1: Ball 1-1: Foul Ball, location: 2F 1-2: Ball 2-2: Strikes out looking
|
Batting: RHB George Hendrick
|
0-0: Called Strike Ruppert Jones is caught stealing 2nd base 2-4
|
Bottom of the 6th over - 0 runs, 1 hit, 0 errors, 0 left on base; Baltimore 6 - Oakland 9 |
TOP OF THE 7TH |
Baltimore Orioles batting - Pitching for Oakland Athletics : RHP Neil Allen
|
Batting: RHB Dwight Evans
|
0-0: Ball 1-0: DOUBLE (Groundball, 3L, EV 101.3 MPH)
|
Batting: LHB Fred Lynn
|
0-0: Called Strike 0-1: SINGLE (Line Drive, 3, EV 98.8 MPH) Dwight Evans to third
|
Batting: SHB Steve R Ontiveros
|
0-0: Called Strike 0-1: Ball 1-1: Foul Ball, location: 2F 1-2: Ground out 4-3 (Groundball, 34, EV 105.0 MPH) Dwight Evans scores Fred Lynn to second
|
Batting: RHB Matt Rice
|
0-0: Ball 1-0: Foul Ball, location: 2F 1-1: Ball 2-1: Ball 3-1: Base on Balls
|
Pinch Runner at 2nd Dennis Werth:
|
|
Batting: RHB Jim Sundberg
|
0-0: Ball 1-0: Foul Ball, location: 2F 1-1: Ball 2-1: Ball 3-1: Base on Balls Dennis Werth to third Matt Rice to second
|
Pinch Hitting: RHB Ron Cey
|
0-0: Ball 1-0: Fly out, F7 (Flyball, 8LM, EV 88.1 MPH) Runner from 3rd tags up, SCORES, throw by LF
|
Batting: SHB Willie McGee
|
0-0: Fly out, F7 (Flyball, 7, EV 88.8 MPH)
|
Top of the 7th over - 2 runs, 2 hits, 0 errors, 2 left on base; Baltimore 8 - Oakland 9 |
BOTTOM OF THE 7TH |
Oakland Athletics batting - Pitching for Baltimore Orioles : RHP Jim M Hughes
|
Now at 3B: Ron Cey
|
|
Batting: RHB George Hendrick
|
0-0: Fly out, F8 (Flyball, 89M, EV 88.1 MPH)
|
Batting: RHB Earl C Williams
|
0-0: Called Strike 0-1: Called Strike 0-2: Ground out U3 (Groundball, 3S, EV 91.9 MPH)
|
Batting: LHB Ben Oglivie
|
0-0: Called Strike 0-1: SOLO HOME RUN (Flyball, 9LD, EV 91.9 MPH), Distance : 352 ft
|
Pitching: RHP Dave Patterson
|
|
Batting: RHB Barry Evans
|
0-0: Swinging Strike 0-1: Foul Ball, location: 2F 0-2: Ball 1-2: Strikes out swinging
|
Bottom of the 7th over - 1 run, 1 hit, 0 errors, 0 left on base; Baltimore 8 - Oakland 10 |
TOP OF THE 8TH |
Baltimore Orioles batting - Pitching for Oakland Athletics : RHP Neil Allen
|
Batting: SHB Johnny Ray
|
0-0: Foul Ball, location: 2F 0-1: Ball 1-1: Fly out, F8 (Line Drive, 8RM, EV 108.8 MPH)
|
Batting: LHB Dave Parker
|
0-0: SINGLE (Groundball, P, EV 81.3 MPH) (infield hit)
|
Pitching: LHP Dave Dravecky
|
|
Batting: RHB Dwight Evans
|
0-0: Called Strike 0-1: Ball 1-1: Ball 2-1: Swinging Strike 2-2: Ball 3-2: Strikes out swinging Dave Parker steals 2nd base Batter strikes out.
|
Batting: RHB Dennis Werth
|
0-0: Ball 1-0: Ball 2-0: Ball 3-0: Base on Balls
|
Batting: SHB Steve R Ontiveros
|
0-0: Called Strike 0-1: Ball 1-1: Ball 2-1: Ground out 4-3 (Groundball, 4, EV 90.0 MPH)
|
Top of the 8th over - 0 runs, 1 hit, 0 errors, 2 left on base; Baltimore 8 - Oakland 10 |
BOTTOM OF THE 8TH |
Oakland Athletics batting - Pitching for Baltimore Orioles : RHP Dave Patterson
|
Batting: RHB Fred Andrews
|
0-0: Swinging Strike 0-1: Ball 1-1: SINGLE (Flyball, 3D, EV 88.8 MPH)
|
Batting: RHB Scott Fletcher
|
0-0: Fielders Choice at 2nd, 3-6 (Groundball, 34S, EV 81.9 MPH)
|
Batting: LHB Ruppert Jones
|
0-0: Ball 1-0: Called Strike 1-1: Ball 2-1: Called Strike 2-2: Strikes out swinging
|
Batting: RHB Dave Henderson
|
0-0: Called Strike Scott Fletcher steals 2nd base (no throw) 0-1: Called Strike 0-2: Ground out 6-3 (Groundball, 6D, EV 103.1 MPH)
|
Bottom of the 8th over - 0 runs, 1 hit, 0 errors, 1 left on base; Baltimore 8 - Oakland 10 |
TOP OF THE 9TH |
Baltimore Orioles batting - Pitching for Oakland Athletics : LHP Dave Dravecky
|
Batting: RHB Matt Rice
|
0-0: Ball 1-0: Called Strike 1-1: Ball 2-1: Swinging Strike 2-2: Foul Ball, location: 2F 2-2: Foul Ball, location: 2F 2-2: Ball 3-2: Ground out 4-3 (Groundball, 4, EV 106.3 MPH)
|
Batting: RHB Jim Sundberg
|
0-0: Ball 1-0: Foul Ball, location: 2F 1-1: Fly out, F6 (Flyball, 56D, EV 88.8 MPH)
|
Batting: RHB Ron Cey
|
0-0: Ball 1-0: Swinging Strike 1-1: Swinging Strike 1-2: Ball 2-2: Ground out 6-3 (Groundball, 6, EV 81.9 MPH)
|
Top of the 9th over - 0 runs, 0 hits, 0 errors, 0 left on base; Baltimore 8 - Oakland 10 |
|